AoeStats
← 高兴就好

Black Forest

509506587Analyzed
4v4 RM · 5d ago on Sep 27, 2026· 45m 23s· 8 players
Game mode
Random Map
Map size
Large (8 player)
Population
200
Speed
Normal
Resources
Standard
Victory
Conquest
Starting age
Dark Age
Ending age
Imperial Age
RankedLock teamsTeams togetherTeam positionsShared explorationLock speedFull tech treeHidden civsTurbo modeCheats
Victory
Defeat
🇺🇸 Malay · United States
1203
+10
🇮🇳 Persians · India
1203
+10
🇦🇺 Dravidians · Australia
1170
+11
🇧🇷 Franks · Brazil
1036
+16
🇲🇽 Khmer · Mexico
1125
-14
🇺🇸 Saracens · United States
1085
-13
🇺🇸 Ethiopians · United States
1049
-11
🇺🇸 Khmer · United States
981
-9
Age_of_Empires
0:34 Loom
11:48 Feudal Age
18:20 Castle Age
16:36 Double-Bit Axe
17:21 Town Watch
23:56 Fishing Lines
27:45 Wheelbarrow
27:08 Horse Collar
27:35 Gillnets
31:35 Imperial Age
29:02 Gold Mining
29:04 Stone Mining
29:30 Bow Saw
30:28 Hand Cart
32:01 Ballistics
33:31 Chemistry
33:07 Heavy Scorpion
NoLawsClaws
4:51 Loom
7:17 Loom
11:53 Feudal Age
12:47 Double-Bit Axe
13:04 Gold Mining
13:54 Stone Mining
15:55 Fishing Lines
20:03 Castle Age
22:53 Gillnets
25:02 Wheelbarrow
27:01 Bow Saw
27:34 Hand Cart
30:35 Imperial Age
28:54 Forging
28:55 Scale Barding Armor
29:42 Gold Shaft Mining
31:32 Ballistics
31:08 Murder Holes
31:50 Iron Casting
31:35 Chain Barding Armor
30:50 Elite Mameluke
33:00 Chemistry
31:53 Horse Collar
33:32 Blast Furnace
34:11 Conscription
35:08 Fortified Wall
35:45 Caravan
36:15 Coinage
37:44 Plate Barding Armor
Dragonfire_bane
1:17 Loom
12:32 Feudal Age
12:52 Horse Collar
13:01 Double-Bit Axe
14:15 Wheelbarrow
19:41 Castle Age
19:13 Gold Mining
21:10 Husbandry
21:26 Bow Saw
22:05 Bloodlines
25:44 Light Cavalry
27:34 Caravan
29:06 Forging
33:32 Fletching
The Lemons
0:43 Loom
11:28 Feudal Age
18:40 Castle Age
17:11 Horse Collar
21:35 Heavy Plow
21:23 Double-Bit Axe
26:10 Bow Saw
28:36 Squires
30:47 Elite Skirmisher
33:39 Wheelbarrow
33:14 Thumb Ring
33:10 Fletching
33:21 Padded Archer Armor
33:23 Scale Mail Armor
33:33 Forging
33:41 Forging
35:25 Bodkin Arrow
35:45 Leather Archer Armor
37:01 Chain Mail Armor
37:24 Iron Casting
37:25 Arson
41:41 Imperial Age
liveSettings
13:18 Feudal Age
17:14 Castle Age
15:22 Double-Bit Axe
19:50 Bow Saw
22:23 Fletching
24:37 Gold Mining
24:59 Horse Collar
27:27 Wheelbarrow
26:40 Loom
28:47 Forging
29:22 Hand Cart
35:02 Imperial Age
33:38 Pikeman
34:19 Squires
34:05 Arson
34:57 Iron Casting
33:58 Onager
35:06 Conscription
35:36 Halberdier
37:51 Blast Furnace
41:55 Ballistics
42:13 Heavy Scorpion
44:26 Siege Engineers
高兴就好
11:07 Feudal Age
14:42 Castle Age
12:38 Double-Bit Axe
13:04 Fishing Lines
13:29 Horse Collar
14:05 Loom
15:23 Bow Saw
19:23 Wheelbarrow
23:09 Gillnets
25:48 Hand Cart
28:14 Imperial Age
25:52 Scale Barding Armor
26:20 Forging
27:36 Chain Barding Armor
28:09 Iron Casting
27:51 Cavalier
28:54 Conscription
27:57 Onager
29:04 Bloodlines
28:55 Husbandry
28:53 Gold Mining
29:10 Savar
31:51 Gold Shaft Mining
32:25 Chemistry
32:54 Two-Man Saw
33:13 Plate Barding Armor
36:39 Heavy Camel Rider
41:40 Guilds
41:26 Stone Mining
43:06 Stone Shaft Mining
43:18 Kamandaran
43:13 Fletching
43:23 Padded Archer Armor
44:24 Blast Furnace
43:59 Ballistics
43:15 Crossbowman
44:01 Thumb Ring
44:20 Bodkin Arrow
44:23 Light Cavalry
45:19 Leather Archer Armor
Keanoob Reeves
6:57 Loom
10:09 Feudal Age
14:38 Castle Age
13:11 Double-Bit Axe
15:41 Bow Saw
15:14 Horse Collar
26:11 Wheelbarrow
30:07 Imperial Age
27:50 Stone Mining
27:53 Gold Mining
28:43 Thumb Ring
28:29 Fletching
28:39 Padded Archer Armor
29:15 Bodkin Arrow
32:47 Chemistry
32:11 Ballistics
32:16 Bracer
33:01 Onager
33:36 Elite Elephant Archer
34:58 Caravan
36:03 Leather Archer Armor
36:01 Pikeman
36:26 Gambesons
36:41 Squires
36:27 Arson
36:03 Elite Skirmisher
37:52 Elite Urumi Swordsman
39:13 Man-at-Arms
40:13 Long Swordsman
41:33 Two-Handed Swordsman
43:19 Champion
44:00 Scale Mail Armor
44:10 Forging
44:08 Medical Corps
Knight_Cassian
1:54 Loom
11:56 Feudal Age
12:43 Double-Bit Axe
18:54 Castle Age
17:05 Gold Mining
20:06 Wheelbarrow
22:52 Forging
23:43 Bow Saw
24:18 Hand Cart
24:11 Stone Mining
25:55 Gold Shaft Mining
31:30 Imperial Age
28:36 Pikeman
30:05 Scale Mail Armor
30:14 Scale Barding Armor
31:21 Chain Barding Armor
31:39 Cavalier
33:54 Iron Casting
33:26 Husbandry
34:44 Plate Barding Armor
34:26 Halberdier
35:06 Squires
35:12 Scale Mail Armor
36:40 Paladin
38:30 Blast Furnace
38:05 Elite Throwing Axeman
39:27 Chain Mail Armor
40:15 Ordonnance Companies
41:48 Plate Mail Armor
41:38 Arson
41:51 Capped Ram
43:16 Man-at-Arms
43:42 Gambesons
44:54 Long Swordsman
Connection lost

Rejoining the realm…

Still unreachable

The connection could not be restored.

Session expired

The server has moved on; the page needs a fresh start.